 Dungeon Crawl Stone Soup version 0.27-a0-1334-g2746e35aca (webtiles) character file.

Game seed: 7862610586619699830

4105 sokol815 the Conjurer (level 10, 0/56 HPs)
             Began as an Octopode Ice Elementalist on June 26, 2021.
             Was an Initiate of Gozag.
             Slain by a large slime creature (17 damage)
             ... on level 9 of the Dungeon.
             The game lasted 00:46:23 (13835 turns).

sokol815 the Conjurer (Octopode Ice Elementalist)  Turns: 13835, Time: 00:46:23

Health: 0/56       AC:  8    Str:  7    XL:     10   Next: 26%
Magic:  9/25       EV: 28    Int: 19    God:    Gozag
Gold:   89         SH:  6    Dex: 15    Spells: 1/17 levels left

rFire    . . .     SeeInvis .   a - +2 dagger (drain)
rCold    . . .     Faith    .   Q - +1 buckler {reflect}
rNeg     . . .     Spirit   .   (helmet restricted)
rPois    .         Reflect  +   d - amulet of the acrobat
rElec    .         Harm     .   Z - ring of wizardry {Wiz+, !d}
rCorr    .         Rampage  .   P - ring of magical power {MP+9}
Will     .....                  (no ring)
Stlth    ++++......             (no ring)
HPRegen  0.18/turn              (no ring)
MPRegen  0.19/turn              (no ring)
                                (no ring)
                                (no ring)

@: ice-armoured, acrobatic, freezing walls
A: almost no armour, amphibious, 8 rings, camouflage 1, gelatinous body 1,
(nimble swimmer 1), tentacles
a: Renounce Religion, Potion Petition, Call Merchant, Bribe Branch


You were on level 9 of the Dungeon.
You worshipped Gozag.
Gozag was noncommittal.
You visited 2 branches of the dungeon, and saw 10 of its levels.
You also visited: Sewer.

You collected 1145 gold pieces.
You spent 550 gold pieces at shops.
You paid 506 gold pieces to Gozag.

Inventory:

Hand Weapons
 a - a +2 dagger of draining (weapon)
   (You took it off an orc wizard on level 5 of the Dungeon)
 j - a +3 dagger
   (You took it off an orc wizard on level 6 of the Dungeon)
 k - a +1 vorpal hunting sling
   (You found it on level 3 of the Dungeon)
 m - a +0 hunting sling
   (You found it on level 1 of the Dungeon)
 r - a +0 long sword
   (You found it on level 5 of the Dungeon)
 u - a +4 great sword
   (You took it off a wight on level 5 of the Dungeon)
 y - a +1 dagger of venom
   (You took it off a kobold on level 2 of the Dungeon)
 A - a +0 quarterstaff
   (You found it on level 1 of the Dungeon)
 F - the +2 flail of Havoc {pain, Int+4}
   (You found it on level 7 of the Dungeon)

   In the hands of one skilled in necromantic magic, it inflicts extra damage on
   living creatures.
   It affects your intelligence (+4).
 G - a +0 hand crossbow
   (You took it off a kobold on level 8 of the Dungeon)
Missiles
 c - 60 poisoned darts
 e - 50 arrows
 f - a curare-tipped dart
 l - 3 throwing nets {!d}
 s - 214 stones
 v - 2 sling bullets
 w - a javelin
 z - 2 boomerangs
 C - a silver javelin
 E - 119 bolts
Armour
 p - a +0 kite shield
   (You found it on level 3 of the Dungeon)
 Q - a +1 buckler of reflection (worn)
   (You acquired it on level 8 of the Dungeon)
Magical Staves
 b - a staff of conjuration {!a}
   (You found it on level 4 of the Dungeon)
 o - a staff of poison {rPois}
   (You found it on level 5 of the Dungeon)
Jewellery
 d - an amulet of the acrobat (around mantle)
   (You found it on level 8 of the Dungeon)
 P - a ring of magical power (right tentacle) {MP+9}
   (You bought it in a shop on level 7 of the Dungeon)
 Z - a ring of wizardry (left tentacle) {Wiz+, !d}
   (You bought it in a shop on level 7 of the Dungeon)
Wands
 h - a wand of acid (7)
   (You found it on level 7 of the Dungeon)
 i - a wand of iceblast (9)
   (You found it on level 7 of the Dungeon)
Scrolls
 g - a scroll of identify {@r1}
 n - a scroll of amnesia
 q - a scroll of fear {unknown}
 D - a scroll of blinking {!r}
 K - a scroll of enchant weapon
 O - a scroll of silence
 V - 2 scrolls of vulnerability {!r!r}
Potions
 x - a potion of mutation {unknown}
 B - a potion of brilliance
 H - 3 potions of haste
 I - a potion of invisibility
 J - a potion of curing {@q1}
 L - 3 potions of flight
 M - 2 potions of might
 N - 2 potions of heal wounds {@q2}


   Skills:
 - Level 4.0 Short Blades
 - Level 2.0 Dodging
 - Level 5.0 Stealth
 - Level 4.0 Shields
 + Level 4.0 Spellcasting
 + Level 7.9 Conjurations
 + Level 7.1 Hexes
 + Level 7.3 Ice Magic


You had one spell level left.
You knew the following spells:

 Your Spells              Type           Power      Damage    Failure   Level
a - Freeze                Ice            100%       1d11      1%          1
b - Frozen Ramparts       Ice            62%        1d8       1%          3
c - Dazzling Flash        Conj/Hex       64%        N/A       1%          3
d - Searing Ray           Conj           66%        3d5       1%          2
e - Fulminant Prism       Conj/Hex       16%        3d11      2%          4
A - Ozocubu's Armour      Ice            31%        N/A       1%          3

Your spell library contained the following spells:

 Spells                   Type           Power      Damage    Failure   Level
 Magic Dart               Conj           100%       1d8       1%          1
 Animate Skeleton         Necr           6%         N/A       6%          1
 Beastly Appendage        Tmut           6%         N/A       6%          1
 Pain                     Necr           12%        1d4       6%          1
 Slow                     Hex            30%        N/A       1%          2
 Hailstorm                Conj/Ice       32%        3d8       2%          4
 Conjure Flame            Conj/Fire      18%        6-21      3%          3
 Mephitic Cloud           Conj/Pois/Air  13%        N/A       6%          3
 Iskenderun's Battlesphe  Conj           33%        2d9       6%          5
 Blink                    Tloc           N/A        N/A       9%          2
 Call Imp                 Summ           3%         N/A       9%          2
 Wereblood                Tmut           3%         N/A       9%          2
 Metabolic Englaciation   Hex/Ice        15%        N/A       9%          5
 Iskenderun's Mystic Bla  Conj/Tloc      18%        2d6       11%         4
 Ice Form                 Ice/Tmut       17%        N/A       12%         4
 Spider Form              Tmut/Pois      1%         N/A       16%         3
 Vampiric Draining        Necr           1%         2d6       16%         3
 Animate Dead             Necr           1%         N/A       45%         4
 Bolt of Magma            Conj/Fire/Erth 6%         4d6       45%         5
 Agony                    Necr           3%         N/A       80%         5
 Iron Shot                Conj/Erth      9%         9d3       82%         6
 Orb of Destruction       Conj           16%        9d8       85%         7
 Spellforged Servitor     Conj/Summ      9%         N/A       100%        7


Dungeon Overview and Level Annotations

Branches:
Dungeon (9/15)             Temple (1/1) D:5           Sewer (visited)
   Lair: D:8-11         Orc: D:9-12

Altars:
Ashenzari
Cheibriados
Dithmenos
Elyvilon
Fedhas
Gozag
Hepliaklqana
Kikubaaqudgha
Makhleb
Nemelex Xobeh
Qazlal
Ru
Sif Muna
Trog
Vehumet
Wu Jian
Yredelemnul
The Shining One

Shops:
D:1 ?   D:5 [([![*   D:7 =   D:8 [


Innate Abilities, Weirdness & Mutations

You cannot wear most types of armour.
You are amphibious.
You can wear up to eight rings at the same time.
Your skin changes colour to match your surroundings (Stealth+).
Your rubbery body absorbs attacks. (AC +1, EV +1)
((You are camouflaged near water. (Stealth+)))
You have tentacles for arms and can constrict up to eight enemies at once.


Message History

There is a stone staircase leading up here.
You take 7 damage, and have 49/56 hp.
The troll bites you but does no damage. The troll misses you. x2
You climb upwards.
There is a stone staircase leading down here.
A film of ice covers your body! The troll barely misses you.
The troll claws you. The troll misses you.
You take 2 damage, and have 47/56 hp.
You now have 22/25 mp.
The walls around you are covered in ice.
The wall freezes the troll.
The troll bites you but does no damage. You block the troll's attack.
The troll claws you!
You take 7 damage, and have 40/56 hp.
You now have 19/25 mp.
Aim: a troll (lightly wounded, lightly drained, 81% to hit)
The searing ray hits the troll. (Press . to maintain the ray.)
The wall freezes the troll!
The troll bites you! The troll claws you. The troll closely misses you.
You take 16 damage, and have 24/56 hp.
MASSIVE DAMAGE!!
You now have 17/25 mp.
The searing ray hits the troll.
The wall freezes the troll.
The troll closely misses you. x2; The troll claws you but does no damage.
You now have 16/25 mp.
The searing ray hits the troll!
The wall freezes the troll.
The troll bites you but does no damage. The troll claws you but does no damage.
The troll completely misses you.
The searing ray hits the troll!
You kill the troll!
You finish channeling your searing ray.
Your Hexes skill increases to level 7!
You now have 15/25 mp.
You start resting.
The frozen ramparts melt away.
You start resting.
Your icy armour starts to melt.
You regained 4 hp, and now have 30/56 hp.
You regained 5 mp, and now have 21/25 mp.
Your icy armour cracks and falls away as you move.
You now have 80 gold pieces (gained 16).
You start resting.
Health restored: 56; MP restored: 25
There is a stone staircase leading down here.
You climb downwards.
There is a stone staircase leading up here.
You open the door.
There is an open door here.
Found an escape hatch in the ceiling.
You open the door.
There is an open door here.
You open the door.
A howler monkey zombie comes into view.
There is an open door here.
The helpless howler monkey zombie fails to defend itself.
You impale the howler monkey zombie!!
You destroy the howler monkey zombie!
You now have 89 gold pieces (gained 9).
s - 214 stones (gained 14)
There is an open door here.
A bullfrog comes into view.
A wraith comes into view.
Found an escape hatch in the floor.
Okay, then.
Okay, then.
A bullfrog is nearby!
There is an open door here.
A slime creature comes into view.
A slime creature comes into view.
The slime creature quivers.
A film of ice covers your body!
You now have 22/25 mp.
The walls around you are covered in ice.
The wall freezes the slime creature.
Two slime creatures merge to form a large slime creature.
You now have 19/25 mp.
You now have 16/25 mp.
The wall freezes the large slime creature.
You now have 13/25 mp.
Aim: a large slime creature (lightly wounded, 96% to hit)
The searing ray hits the large slime creature! (Press . to maintain the ray.)
The wall freezes the large slime creature.
The large slime creature hits you!!
You take 22 damage, and have 34/56 hp.
MASSIVE DAMAGE!!
You now have 12/25 mp.
The searing ray hits the large slime creature!
The wall freezes the large slime creature.
The large slime creature closely misses you.
You now have 11/25 mp.
The searing ray hits the large slime creature!
The wall freezes the large slime creature!
The large slime creature hits you!
You take 17 damage, and have 17/56 hp.
MASSIVE DAMAGE!!
You now have 10/25 mp.
The searing ray hits the large slime creature.
You finish channeling your searing ray.
The wall freezes the large slime creature!
The large slime creature hits you!
You die...
Your body crumbles into a pile of gold.

### ..# #.# #.# #.#
#.# #J# #@####
####### #....#
....).###########.#.#
......'.'.....# #.# +
......###.#.#.# #.#
......# #...#.# #.#
###'### #####.###.#
#...# #.........#
..### #####'#####


You could see a large slime creature.

Vanquished Creatures
  A gargoyle (D:7)
  2 trolls
  A hornet (D:8)
  A steam dragon (D:8)
  An acid dragon (D:8)
  3 orc warriors
  3 black bears
  2 ice beasts (D:6)
  4 ogres
  A centaur (D:8)
  3 kobold brigands
  4 bullfrogs
  A scorpion (D:6)
  A water moccasin skeleton (D:5)
  2 howler monkeys (D:9)
  5 wights (D:5)
  A bullfrog zombie (D:7)
  3 jellies
  A centaur zombie (D:6)
  2 hounds
  An orc priest (D:4)
  Natasha (thrice) (D:3)
  An iguana (D:6)
  10 orc wizards
  A howler monkey zombie (D:9)
  A howler monkey skeleton (D:7)
  7 adders
  A shadow imp (D:6)
  2 ufetubi
  5 worms
  6 dart slugs
  25 orcs
  9 bats
  7 endoplasms
  11 giant cockroaches
  15 goblins
  8 hobgoblins
  18 jackals
  16 kobolds
  9 quokkas
  3 training dummies (D:5)
  4 ball pythons
  5 frilled lizards
  7 rats
  2 bushes (D:4)
219 creatures vanquished.

Vanquished Creatures (collateral kills)
  A centaur (D:6)
  A wyvern skeleton (D:7)
2 creatures vanquished.

Vanquished Creatures (others)
  2 fulminant prisms (D:8)
  11 plants
13 creatures vanquished.

Grand Total: 234 creatures vanquished

Notes
Turn   | Place    | Note
-------+----------+-------------------------------------------
     0 | D:1      | sokol815 the Octopode Ice Elementalist began the quest for
                  | the Orb.
     0 | D:1      | Reached XP level 1. HP: 11/11 MP: 3/3
   141 | D:1      | Reached XP level 2. HP: 12/17 MP: 0/5
   251 | D:1      | HP: 3/17 [jackal (3)]
   682 | D:1      | Reached XP level 3. HP: 21/21 MP: 2/6
   723 | D:1      | Found Karr's Magic Scroll Boutique.
   735 | D:1      | Reached skill level 5 in Ice Magic
  1395 | D:2      | Learned a level 3 spell: Ozocubu's Armour
  1413 | D:2      | HP: 5/21 [poisoned by an adder]
  1681 | D:2      | Reached XP level 4. HP: 26/27 MP: 3/7
  1722 | D:2      | Learned a level 3 spell: Frozen Ramparts
  2184 | D:2      | Found a faded altar of an unknown god.
  2549 | D:3      | Reached skill level 6 in Ice Magic
  2805 | D:3      | Reached XP level 5. HP: 31/31 MP: 4/8
  2889 | D:3      | Found an ornate altar of the Wu Jian Council.
  2889 | D:3      | Noticed Natasha
  3004 | D:3      | Found a glowing drain.
  3176 | Sewer    | Entered a sewer
  4084 | D:4      | Found a hazy altar of Hepliaklqana.
  4333 | D:4      | Noticed a kobold brigand
  4384 | D:4      | Killed a kobold brigand
  4385 | D:4      | Reached skill level 2 in Shields
  4385 | D:4      | Reached XP level 6. HP: 22/36 MP: 2/9
  4816 | D:4      | Reached skill level 7 in Ice Magic
  5171 | D:4      | Reached skill level 3 in Shields
  5171 | D:4      | Reached XP level 7. HP: 41/41 MP: 3/10
  5550 | D:4      | Learned a level 3 spell: Dazzling Flash
  5591 | D:5      | Entered Level 5 of the Dungeon
  5591 | D:5      | Found Egeracu's General Store.
  5792 | D:5      | Found Dyqe's Antique Armour Shop.
  5795 | D:5      | Found a staircase to the Ecumenical Temple.
  5817 | Temple   | Entered the Ecumenical Temple
  5824 | Temple   | Became a worshipper of Gozag Ym Sagoz the Greedy
  5850 | D:5      | Found Heretuno's Antique Armour Emporium.
  5895 | D:5      | Found Jolarun's Distillery.
  5902 | D:5      | Found Orauruaxt's Firing Range.
  6554 | D:5      | Reached skill level 4 in Shields
  6554 | D:5      | Reached skill level 1 in Conjurations
  6554 | D:5      | Reached skill level 1 in Hexes
  6873 | D:5      | Reached skill level 3 in Spellcasting
  6873 | D:5      | Reached skill level 2 in Conjurations
  6873 | D:5      | Reached skill level 2 in Hexes
  6877 | D:5      | Reached XP level 8. HP: 30/46 MP: 6/12
  7096 | D:5      | Found Xuenuc's Antique Armour Shoppe.
  7339 | D:6      | Reached skill level 3 in Conjurations
  7339 | D:6      | Reached skill level 3 in Hexes
  7459 | D:6      | Reached skill level 4 in Spellcasting
  7492 | D:6      | Reached skill level 4 in Conjurations
  7492 | D:6      | Reached skill level 4 in Hexes
  8276 | D:6      | Reached skill level 5 in Conjurations
  8276 | D:6      | Reached skill level 5 in Hexes
  8276 | D:6      | Reached skill level 1 in Short Blades
  8276 | D:6      | Reached XP level 9. HP: 42/51 MP: 8/15
  8449 | D:6      | Found a snail-covered altar of Cheibriados.
  8823 | D:7      | HP: 12/51 [wyvern skeleton (12)]
  8826 | D:7      | Reached skill level 2 in Short Blades
  9356 | D:7      | Noticed a boulder beetle
  9363 | D:7      | HP: 8/51 [boulder beetle (9)]
  9630 | D:7      | Noticed a gargoyle
  9776 | D:5      | Reached skill level 3 in Stealth
 10223 | D:3      | Killed Natasha
 10307 | D:3      | Noticed Natasha
 10315 | D:3      | Killed Natasha
 10408 | D:3      | Noticed Natasha
 10415 | D:3      | Killed Natasha
 10416 | D:3      | Reached skill level 3 in Short Blades
 10416 | D:3      | Reached skill level 6 in Conjurations
 10667 | D:7      | Reached skill level 4 in Stealth
 10778 | D:6      | Learned a level 2 spell: Searing Ray
 10783 | D:6      | Learned a level 4 spell: Fulminant Prism
 10803 | D:7      | Killed a gargoyle
 10946 | D:7      | Found a bloodstained altar of Trog.
 11150 | D:7      | Identified the +2 flail of Havoc {pain, Int+4}
 11576 | D:8      | Reached skill level 5 in Stealth
 11704 | D:7      | Bought a ring of wizardry for 330 gold pieces
 11734 | D:8      | Found an ancient bone altar of Kikubaaqudgha.
 11744 | D:8      | Found a glowing golden altar of the Shining One.
 11784 | D:8      | Reached skill level 4 in Short Blades
 12107 | D:8      | Found a stormy altar of Qazlal.
 12117 | D:8      | Found a radiant altar of Vehumet.
 12135 | D:8      | Reached skill level 7 in Conjurations
 12135 | D:8      | Reached skill level 6 in Hexes
 12135 | D:8      | Noticed a hornet
 12144 | D:8      | Killed a hornet
 12145 | D:8      | Reached XP level 10. HP: 56/56 MP: 1/16
 12452 | D:8      | Found a shimmering blue altar of Sif Muna.
 12457 | D:8      | Identified Kikubaaqudgha's Collected Works on Evil
 12615 | D:8      | Found Vioroit's Antique Armour Emporium.
 12823 | D:7      | Bought a ring of magical power for 220 gold pieces
 13069 | D:8      | Identified a scroll of acquirement
 13069 | D:8      | Acquired a +1 buckler of reflection
 13572 | D:8      | Reached skill level 7 in Hexes
 13835 | D:9      | Slain by a large slime creature

Illustrated notes

Levels and vault maps discovered:
D:1:      saegor_arrival_simple_a, layout_basic, serial_shops,
          nicolae_square_shop
D:2:      minmay_roachtagon, layout_loops_ring,
          hellmonk_ecumenical_altar_heavens_door
D:3:      layout_rooms, nicolae_wu_jian_wuxing_cycle, gup_sewer_entry_spiral,
          chequers_serial_rivers_small_3, serial_bayou_pond_a,
          due_unseen_surprise, uniq_natasha
D:4:      layout_loops_corners, worldfamousw_hep_ancestral_shrine,
          lexackson_kobold_supper
D:5:      layout_loops_corners, minmay_temple_entry_offerings, serial_shops,
          nicolae_shop_stone, kennysheep_mini_moat, nicolae_stop_n_shop_1,
          nicolae_shop_statue_plus, shop, grunt_decor_cap,
          nicolae_shop_firing_range
D:6:      minmay_general_purpose_star, layout_basic, kennysheep_little_box,
          minmay_fractal_squares_gapless_5
D:7:      layout_gridville, lemuel_round_altar, kennysheep_minor_cross
D:8:      black_bear_nest_1, layout_loops_ring,
          grunt_temple_overflow_magic_moments, lemuel_tele_altar,
          lemuel_round_altar, serial_shops, shop
D:9:      layout_roguey, small_chamber_with_monster
Temple:   cyrus_circular_temple

Skill      XL: |  1  2  3  4  5  6  7  8  9 10 |
---------------+-------------------------------+-----
Ice Magic      | 5 6 7 |  7.3
Shields        | 2 3 4 |  4.0
Conjurations   | 2 5 7 |  7.9
Hexes          | 2 5 6 7 |  7.1
Spellcasting   | 3 4 |  4.0
Short Blades   | 1 4 |  4.0
Stealth        | 5 |  5.0
Dodging        | |  2.0

Action                   |  1- 3 |  4- 6 |  7- 9 | 10-12 || total
-------------------------+-------+-------+-------+-------++-------
Melee: Dagger            |    35 |   134 |   261 |    11 ||   441
       Constrict         |     6 |    37 |    22 |     1 ||    66
       Tentacles         |     4 |    18 |    45 |     2 ||    69
Throw: Javelin           |       |       |     5 |       ||     5
       Stone             |       |       |     2 |       ||     2
       Dart              |       |       |     7 |     5 ||    12
 Cast: Freeze            |    41 |    11 |     1 |       ||    53
       Frozen Ramparts   |       |    10 |    26 |     5 ||    41
       Ozocubu's Armour  |       |     4 |    26 |     6 ||    36
       Searing Ray       |       |       |    12 |     6 ||    18
       Dazzling Flash    |       |       |     2 |     7 ||     9
       Fulminant Prism   |       |       |     2 |       ||     2
Invok: Call Merchant     |       |       |     1 |       ||     1
  Use: Scroll            |       |    13 |     6 |     3 ||    22
 Stab: Sleeping          |    10 |    28 |     7 |     1 ||    46
       Distracted        |       |     1 |       |       ||     1
       Invisible         |       |       |       |     2 ||     2
Armor: Skin              |     4 |    12 |    22 |     7 ||    45
Dodge: Dodged            |    33 |    66 |    80 |    30 ||   209
Block: Buckler           |       |     6 |    49 |    11 ||    66

Table legend: (Time is in decaauts)
 A = Elapsed time spent in this place.
 B = Non-inter-level travel time spent in this place.
 C = Inter-level travel time spent in this place.
 D = Time resting spent in this place.
 E = Time spent auto-exploring this place.
 F = Levels seen in this place.
 G = Mean time per level.
                   A        B        C        D        E       F      G
               +--------+--------+--------+--------+--------+-----+--------+
         Total |  13841 |  12920 |    921 |   4134 |   6575 |  11 | 1258.3 |
       Dungeon |  13331 |  12417 |    914 |   4091 |   6258 |   9 | 1481.2 |
        Temple |     14 |      7 |      7 |      0 |      0 |   1 |   14.0 |
         Sewer |    495 |    495 |      0 |     43 |    317 |   1 |  495.0 |
               +--------+--------+--------+--------+--------+-----+--------+

Top non-repeatable levels by time:
     D:8: 2025 daAuts
     D:5: 1943 daAuts
     D:4: 1914 daAuts
     D:7: 1890 daAuts
     D:6: 1601 daAuts
     D:1: 1345 daAuts
     D:3: 1202 daAuts
     D:2: 1188 daAuts
   Sewer: 495 daAuts
     D:9: 219 daAuts
  Temple: 14 daAuts

Table legend:
 A = Kills in this place as a percentage of kills in entire the game.
 B = Kills by you in this place as a percentage of kills by you in the entire game.
 C = Kills by friends in this place as a percentage of kills by friends in the entire game.
 D = Other kills in this place as a percentage of other kills in the entire game.
 E = Experience gained in this place as a percentage of experience gained in the entire game.
 F = Experience gained in this place divided by the number of levels of this place that you have seen.
                   A       B       C       D       E      F
               +-------+-------+-------+-------+-------+----------------------
         Total | 100.0 | 100.0 | 100.0 |   N/A | 100.0 | 533.2
       Dungeon |  89.0 |  88.9 | 100.0 |   N/A |  99.1 | 645.9
         Sewer |  11.0 |  11.1 |   0.0 |   N/A |   0.9 |  52.0
               +-------+-------+-------+-------+-------+----------------------
